woodfighter, chaotic female orcish Cavewoman ###### ------ --------------------------------# ---------- |.>..-### |..............................|# #.........| |....| # |...--------.......-----------.|# ###|....<...| |....| ###|...|+++|..|------.|..|(((|..-.|# # |........| ----.- #....|+++|.(|.....|.|..|(((|..|.|# ### |........| ## |...|...||-|.._..|.-|-|...|---.|# # -------|-- # |...--|--..|.....|....-|---.....#### #### ### |..........|.....|.............|# # @ |........{.--|----.{...........|# ### df# |..............................|############# d |...-|---...........-|---|--...| -.---- . |...|./.|-------.---|..|...|...| |....| .. |...|(((|..|%%.-.-..|..|...|...| #-....| ... |...|(((|..|!%.|.|..|--|...|...| |....| ... |...-----|------.----..-----...| |....| ... |..............................| ------ ---- -------------------------------- woodfighter the Young Cave Woman Experience level: 6 Strength: 18/04 Dexterity: 13 Constitution: 15 Intelligence: 9 Wisdom: 8 Charisma: 9 Health: 0(29) Energy: 20(20) Def: 7 Gold: 0 Moves: 3185 Dungeon seed: 0-r1dfsfdlP9mFLB Game ID: woodfighter_1476912166 Your Inventory: Weapons a - a blessed +1 dwarvish spear named main (weapon in hand) b - 3 blessed +1 dwarvish spears (in quiver) c - a +0 dwarvish spear Armor e - an uncursed +0 dwarvish cloak q - an uncursed +0 pair of kicking boots (being worn) r - an uncursed +0 dwarvish mithril-coat (being worn) z - an uncursed rusty +0 helmet (being worn) R - an uncursed +0 dwarvish cloak (being worn) Comestibles h - an uncursed lembas wafer m - an uncursed sprig of wolfsbane x - an uncursed food ration Tools y - an uncursed skeleton key I - an uncursed towel Spells and supernatural/magical abilities: Name Level Category Fail Memory W - pray for help -- divine ? -- Your skills at the end: Miscellaneous Skills bare handed combat [Basic] Weapon Skills scimitar [Basic] club [Basic] sling [Basic] Spellcasting Skills Final Attributes: You were piously aligned. You were poison resistant. Your writing hand was ok. You had infravision. You were very stealthy. You are dead. Vanquished creatures: a dingo 5 gnome lords 3 gnomish wizards a red naga hatchling a golden naga hatchling a gray ooze a puppy 2 kittens 6 dwarves 2 kobold shamans a jitterbug a dwarf zombie a gecko a hobgoblin 2 giant rats 18 gnomes a gnome zombie 2 jackals 2 kobolds 8 newts 4 sewer rats 3 grid bugs 2 bats 5 lichens a kobold zombie 75 creatures vanquished. Voluntary challenges: You did not cause conflict. You were not invisible. You did not have reflection. You were not displaced. You had been an atheist until turn 1879. You used a wielded weapon 98 times, starting on turn 5. You did not apply a unicorn horn. You did not use plumbed fixtures. You did not drink any magical draughts. You read items or engraved 2 times, starting on turn 1957. You never genocided any monsters. You never polymorphed an object. You never changed form. You used no wishes. You never split a pudding. You never wrote Elbereth's name. You never violated your personal moral code. Dungeon overview: The Dungeons of Doom: levels 1 to 4 Level 1 (v) a long staircase Level 2 (w) Level 3 a fountain, a sink stairs to The Gnomish Mines Level 4 The Gnomish Mines: levels 4 to 7 Level 4 stairs to The Dungeons of Doom Level 5 Level 6 <- You were here many shops, a temple to Anshar, a magic chest, some fountains Level 7 History has recorded: On T:1 you entered the Dungeons of Doom to retrieve the Amulet of Yendor! On T:275 you reached level 2 of The Dungeons of Doom. On T:559 you advanced to experience level 2. On T:590 you reached level 3 of The Dungeons of Doom. On T:743 you reached level 1 of The Gnomish Mines. On T:753 you advanced to experience level 3. On T:772 you reached level 2 of The Gnomish Mines. On T:1124 you advanced to experience level 4. On T:1302 you reached level 4 of The Dungeons of Doom. On T:1483 you advanced to experience level 5. On T:1826 you reached level 3 of The Gnomish Mines. On T:1868 you entered the Minetown temple On T:1877 you advanced to experience level 6. On T:1967 you opened a magic chest. On T:3170 you reached level 4 of The Gnomish Mines. Score breakdown: Gold: 0 ( 0 points) Experience: 6 levels ( 500 points) Exploration: 7 levels ( 180 points) Discoveries: 11 items ( 550 points) Variety of kills: 25 monsters ( 1250 points) Major goal: reached Minetown ( 500 points) Survival: died (score multiplied by 3) Total score: 8940 Latest messages: That food really hit the spot! You finish eating the food ration. The door opens. You stop exploring. You jab the dwarf! The dwarf wields a dagger! You kill the dwarf! The gnome picks up a hooded cloak. The gnome puts on a hooded cloak. The gnome wields a crossbow! You kill the gnome! e - a hooded cloak. There are a few more objects here. The gnome swings his crossbow at the cavewoman. The gnome hits! The gnome punches you! You jab the gnome. You kill the gnome! You jab the jaguar! The jaguar claws you! (2x) The jaguar bites! The jaguar claws you! (2x) The jaguar misses. You jab the jaguar! The jaguar claws you! (2x) The jaguar bites! You die... Final status: Goodbye woodfighter the Cavewoman, killed by a jaguar... You died in The Gnomish Mines on dungeon level 6 with 8940 points, and 0 pieces of gold, after 3185 moves. You were level 6 with a maximum of 29 hit points when you died.